Map: Tourmaline LE

Players

soO

  • Race: Zerg Zerg

INnoVation - Winner!

  • Race: Terran Terran

VOD

Have the link to the VOD?

Description

Time

  • Played on: Jan. 16, 2026, 9:56 p.m.
  • Length: 12:39
Show
View Real Time Build Order
Export as new Build Order

soO Zerg 

Build Orders: Pool First 

Get SALT Encoding   

  12  0:00  Drone  
  13  0:12  Overlord  
  13  0:16  Drone  
  14  0:30  Drone x2  
  14  0:35  Drone  
  17  0:44  Drone, Extractor  
  17  0:49  Spawning Pool  
  16  0:56  Drone  
  17  1:06  Drone  
  18  1:15  Hatchery  
  17  1:19  Drone  
  18  1:35  Queen  
  18  1:36  Zergling x2  
  21  1:41  Overlord  
  21  1:50  Drone  
  21  1:52  Metabolic Boost  
  22  2:00  Drone  
  23  2:10  Drone  
  23  2:11  Queen  
  25  2:24  Drone  
  25  2:27  Queen  
  25  2:29  Zergling x2  
  29  2:36  Zergling x2  
  30  2:38  Zergling x2  
  30  2:43  Zergling x6  
  34  2:50  Overlord  
  34  2:56  Drone  
  35  3:01  Drone  
  36  3:08  Drone  
  36  3:10  Drone  
  38  3:15  Hatchery  
  38  3:17  Drone x2  
  38  3:18  Drone  
  40  3:21  Drone  
  40  3:23  Drone  
  42  3:30  Drone x2  
  41  3:40  Queen, Drone x2  
  43  3:46  Overlord  
  43  3:50  Overlord  
  43  3:57  Overlord  
  43  4:01  Lair  
  43  4:04  Extractor  
  43  4:06  Zergling x6  
  43  4:08  Zergling x2  
  43  4:09  Zergling x4  
  48  4:14  Drone x2  
  44  4:23  Drone x3  
  44  4:24  Drone  
  45  4:29  Drone  
  45  4:34  Drone  
  45  4:37  Drone  
  47  4:40  Drone  
  47  4:41  Drone  
  47  4:44  Drone x2  
  51  4:52  Drone x3  
  54  4:53  Drone  
  54  4:57  Drone  
  54  4:59  Drone  
  57  5:00  Drone  
  57  5:03  Hydralisk Den  
  57  5:04  Drone  
  57  5:06  Drone  
  59  5:09  Drone  
  59  5:10  Drone  
  59  5:12  Drone  
  62  5:14  Drone  
  62  5:15  Drone  
  62  5:19  Overlord  
  62  5:20  Drone  
  65  5:22  Drone  
  65  5:24  Drone  
  65  5:26  Drone  
  65  5:28  Drone x2  
  70  5:32  Grooved Spines  
  70  5:35  Drone  
  71  5:37  Evolution Chamber, Extractor x2  
  71  5:40  Drone x4  
  71  5:41  Drone  
  73  5:44  Drone x3  
  73  5:47  Drone x2  
  78  5:54  Drone x2  
  78  5:55  Evolution Chamber  
  79  5:57  Baneling Nest  
  79  5:58  Drone x2  
  80  6:06  Hydralisk  
  80  6:08  Zerg Ground Armor Level 1  
  80  6:09  Overlord x2  
  82  6:12  Overlord  
  82  6:16  Overlord, Extractor  
  82  6:17  Extractor  
  82  6:18  Overlord  
  80  6:19  Hydralisk  
  80  6:20  Overlord  
  80  6:23  Zerg Melee Weapons Level 1  
  80  6:24  Muscular Augments, Overlord  
  82  6:28  Hydralisk  
  82  6:29  Zergling x6  
  87  6:33  Overlord  
  87  6:35  Drone  
  88  6:41  Drone x4  
  88  6:44  Hydralisk x2  
  96  6:54  Centrifugal Hooks  
  96  6:55  Hydralisk x2  
  96  6:56  Zergling x4  
  102  7:02  Hatchery  
  102  7:03  Hydralisk x2  
  102  7:04  Hydralisk  
  107  7:09  Overlord  
  107  7:10  Hydralisk x2  
  111  7:16  Hydralisk x3  
  111  7:19  Hydralisk  
  119  7:27  Hydralisk x3  
  119  7:28  Zergling x6  
  128  7:30  Overseer  
  127  7:38  Hydralisk  
  127  7:39  Hydralisk x2, Zergling x2  
  127  7:40  Zergling x4  
  127  7:43  Queen  
  138  7:48  Baneling x3, Drone x2  
  138  7:49  Drone x2  
  142  7:53  Baneling x3  
  142  7:57  Baneling x4  
  142  7:58  Baneling  
  142  8:00  Drone x3  
  142  8:01  Overlord x2  
  142  8:02  Overlord  
  145  8:10  Zerg Ground Armor Level 2  
  144  8:17  Drone x2, Queen  
  144  8:19  Zerg Melee Weapons Level 2  
  148  8:24  Pneumatized Carapace  
  148  8:25  Zergling x2  
  148  8:26  Zergling x14  
  156  8:29  Drone x2  
  156  8:32  Drone, Zergling x6  
  156  8:33  Zergling x2  
  163  8:38  Zergling x8  
  163  8:39  Zergling x2  
  168  8:52  Zergling x14  
  168  8:55  Baneling x5  
  175  8:56  Baneling  
  175  8:57  Baneling x4  
  175  9:00  Hatchery  
  174  9:05  Baneling x3  
  174  9:06  Baneling x2  
  174  9:08  Zergling x2  
  175  9:10  Overlord x4  
  175  9:14  Baneling x7  
  175  9:21  Zergling x6  
  175  9:23  Overlord  
  176  9:25  Overlord  
  176  9:29  Zergling x4  
  176  9:30  Zergling x24  
  189  9:35  Baneling  
  189  9:36  Baneling x4  
  179  9:48  Zergling x24  
  179  9:49  Baneling x2  
  191  9:57  Drone, Infestation Pit  
  191  10:00  Baneling x2  
  191  10:01  Zergling x2  
  191  10:02  Zergling x8  
  191  10:05  Baneling  
  196  10:07  Drone  
  196  10:11  Zergling x6  
  197  10:21  Baneling x10  
  194  10:27  Zerg Missile Weapons Level 1, Hydralisk x3  
  150  10:28  Zergling x10  
  150  10:29  Zergling x12  
  152  10:38  Baneling x8  
  152  10:40  Zergling x4  
  152  10:41  Zergling x14  
  152  10:42  Baneling  
  161  10:47  Zergling x10  
  163  10:55  Hydralisk x2  
  163  10:56  Zergling x6  
  158  11:02  Baneling  
  158  11:03  Baneling x5, Zergling x10  
  160  11:08  Zergling x6  
  160  11:09  Zergling x2  
  150  11:12  Zergling x2  
  150  11:16  Hydralisk x3  
  150  11:17  Zergling x8  
  143  11:19  Hydralisk x2, Zergling x2  
  143  11:20  Zergling x2  
  143  11:25  Hydralisk x2  
  153  11:27  Baneling x5  
  153  11:32  Hydralisk x2  
  153  11:34  Hatchery  
  153  11:37  Zergling x10  
  153  11:38  Hydralisk x2  
  153  11:39  Hydralisk  
  154  11:41  Hydralisk  
  154  11:46  Zergling x2  
  151  11:55  Zergling x18  
  151  11:58  Hydralisk x2  
  151  11:59  Zergling x10  
  145  12:04  Baneling x4  
  148  12:08  Zergling x4  
  148  12:11  Hydralisk x2  
  148  12:14  Zergling x2  
Show
View Real Time Build Order
Export as new Build Order

INnoVation Terran - Winner!

Build Orders: Hellion Opening, Reaper Expand 

Get SALT Encoding   

  12  0:00  SCV  
  13  0:12  SCV  
  14  0:16  Supply Depot  
  14  0:24  SCV  
  15  0:38  SCV  
  15  0:41  Barracks  
  16  0:43  Refinery  
  16  0:50  SCV  
  17  1:02  SCV  
  18  1:14  SCV  
  19  1:27  Orbital Command, Reaper  
  20  1:37  Command Center  
  20  1:44  Supply Depot  
  20  1:53  SCV  
  21  1:59  Marine  
  22  2:05  SCV  
  22  2:08  Factory  
  23  2:17  SCV  
  23  2:21  Barracks Reactor  
  24  2:29  SCV  
  25  2:34  Command Center  
  25  2:41  SCV  
  26  2:49  Orbital Command  
  26  2:53  SCV  
  27  3:05  Barracks Tech Lab, Hellion  
  31  3:06  Hellion  
  31  3:07  SCV  
  32  3:15  SCV  
  32  3:19  SCV  
  34  3:24  Stimpack, Marine  
  38  3:27  Hellion x2  
  38  3:31  SCV x2  
  33  3:43  SCV x2  
  39  3:48  Hellion x2  
  39  3:50  Orbital Command  
  39  3:55  SCV x2  
  40  4:01  Marine  
  42  4:07  SCV  
  42  4:08  SCV  
  42  4:09  Hellion  
  46  4:16  Hellion  
  47  4:19  SCV x2  
  45  4:26  Marine  
  45  4:28  SCV  
  45  4:31  SCV x2  
  44  4:34  Supply Depot  
  45  4:41  SCV  
  45  4:43  Barracks, SCV  
  45  4:44  SCV  
  48  4:46  Factory Reactor  
  48  4:48  Barracks  
  48  4:53  SCV  
  48  4:55  SCV  
  48  4:56  SCV, Refinery  
  51  5:01  Engineering Bay x2, Supply Depot  
  51  5:02  Marine  
  51  5:06  SCV  
  53  5:07  SCV  
  53  5:08  SCV  
  53  5:11  Refinery  
  53  5:13  Combat Shield, Refinery  
  55  5:18  Orbital Command  
  55  5:19  SCV  
  55  5:20  SCV, Marine  
  59  5:25  Supply Depot  
  59  5:27  Terran Infantry Weapons Level 1  
  59  5:28  Terran Infantry Armor Level 1  
  58  5:31  Marine x2  
  58  5:33  SCV x2  
  62  5:41  Starport, Barracks  
  62  5:45  SCV x2  
  62  5:46  Factory Reactor  
  62  5:47  Marine x2  
  62  5:48  Marine  
  62  5:49  Barracks, Marine  
  68  5:50  Marine  
  68  5:53  Supply Depot  
  68  5:54  SCV  
  70  5:57  SCV  
  70  5:59  SCV  
  72  6:05  Marine x3  
  72  6:07  Marine, SCV  
  72  6:09  SCV  
  78  6:11  SCV  
  78  6:15  Marine, Supply Depot x2  
  80  6:20  SCV  
  80  6:21  SCV  
  80  6:23  Marine x3, SCV  
  86  6:26  Medivac x2  
  86  6:27  Marine  
  86  6:28  Factory Tech Lab, Barracks Reactor  
  86  6:32  Refinery, SCV  
  92  6:33  Marine  
  92  6:37  SCV  
  92  6:38  Barracks Reactor, Armory  
  94  6:41  SCV  
  94  6:44  SCV  
  94  6:45  Marine  
  94  6:46  Marine x2  
  98  6:49  Supply Depot, SCV, Marine  
  98  6:51  Marine  
  102  6:54  Supply Depot  
  102  6:56  Siege Tank  
  102  6:59  SCV x2  
  107  7:01  SCV  
  108  7:09  Marine  
  108  7:10  Marine, Medivac x2  
  108  7:11  Marine x2, Supply Depot x2  
  108  7:13  Marine  
  117  7:15  Marine  
  117  7:16  SCV x2  
  117  7:20  Refinery  
  120  7:25  Terran Infantry Weapons Level 2, Terran Infantry Armor Level 2  
  120  7:29  Siege Tank  
  123  7:33  SCV  
  123  7:34  SCV, Supply Depot  
  125  7:41  Terran Vehicle Weapons Level 1  
  125  7:42  Supply Depot  
  125  7:52  Marine x9  
  125  7:53  Factory  
  125  7:57  Supply Depot  
  134  8:03  Siege Tank, Supply Depot  
  137  8:08  Medivac x2  
  137  8:09  Marine  
  137  8:10  Marine x3  
  142  8:14  Marine x4  
  142  8:17  Marine  
  145  8:27  Marine, Supply Depot  
  145  8:32  Sensor Tower  
  146  8:35  Marine x6  
  146  8:37  Siege Tank, Factory Tech Lab  
  146  8:40  Medivac x2  
  159  8:45  Marine x3  
  165  9:02  Siege Tank  
  165  9:09  Siege Tank, Marine x4  
  170  9:11  Command Center  
  170  9:14  Barracks x2  
  170  9:16  Barracks  
  171  9:26  Supply Depot x2  
  171  9:28  Supply Depot  
  170  9:34  Supply Depot  
  158  9:46  Terran Vehicle Weapons Level 2  
  158  9:47  Terran Infantry Weapons Level 3, Terran Infantry Armor Level 3, Marine x7, Medivac x2  
  158  9:52  Siege Tank  
  172  9:56  Supply Depot  
  172  9:57  Siege Tank  
  172  9:58  Supply Depot  
  175  10:07  Barracks Tech Lab x3  
  175  10:08  Marine  
  175  10:09  Marine x6  
  162  10:28  Marauder x3, Marine  
  162  10:29  Marauder, Marine x7  
  162  10:30  Concussive Shells  
  172  10:36  Planetary Fortress  
  172  10:40  Sensor Tower  
  172  10:41  Siege Tank  
  175  10:46  Marine  
  171  11:06  Siege Tank  
  171  11:07  SCV x3  
  176  11:14  Siege Tank  
  176  11:15  Marauder  
  176  11:16  Marauder x2, Marine  
  163  11:18  Marine  
  163  11:19  Marine x7  
  169  11:32  Supply Depot  
  168  11:34  Marine  
  168  11:36  Marine x2  
  168  11:37  Marine x6, Marauder x2  
  168  11:38  Marauder, SCV x3  
  179  11:46  Siege Tank x2  
  176  11:55  Marauder, Marine x4  
  176  11:56  Marine x2  
  176  11:59  Marauder x2  
  175  12:08  Medivac x2  
  175  12:13  Marine, Marauder  
  175  12:14  Marine x5  
  182  12:16  Marauder  
Tags
 
Add a new tag
Caveats
  • Supply blocks, unpowered buildings, or Contaminate may cause inaccurate times.
  • Supply counts are checked every 10 seconds.